 Dungeon Crawl Stone Soup version 0.31-a0-331-geda263fcf1 (webtiles) character file.

Game seed: 8958799801320194275

188 RepHenryClay the Cudgeller (level 5, -3/32 HPs)
             Began as a Tengu Monk on July 19, 2023.
             Killed by divine providence
             ... invoked by an orc priest
              (10 damage)
             ... on level 3 of the Dungeon.
             The game lasted 00:02:58 (1702 turns).

RepHenryClay the Cudgeller (Tengu Monk)             Turns: 1702, Time: 00:02:58

Health: -3/32      AC:  5    Str: 13    XL:     5   Next: 67%
Magic:  6/6        EV: 14    Int: 10    God:
Gold:   146        SH:  0    Dex: 17    Spells: 4/4 levels left

rFire   . . .        a - +1 whip (elec)
rCold   . . .        d - orb {light}
rNeg    . . .        f - +0 ring mail
rPois   .            (helmet restricted)
rElec   .            (no cloak)
rCorr   +            (no gloves)
SInv    .            (boots unavailable)
Will    +....        (no amulet)
Stlth   +            o - ring of willpower
HPRegen 0.25/turn    t - ring of resist corrosion
MPRegen 0.10/turn

%: no passive effects
@: flying quickly and evasively, glowing, quick
A: beak, talons 3, nimble flight
a: no special abilities


You were on level 3 of the Dungeon.
You visited 1 branch of the dungeon, and saw 3 of its levels.

You collected 146 gold pieces.

Inventory:

Hand Weapons
 a - a +1 whip of electrocution (weapon)
 y - the +6 dagger of Hireu {flame, rC+ Str+2}
   (You found it on level 2 of the Dungeon)

   Str:       It affects your strength (+2).
   rC:        It protects you from cold.
 D - a +4 mace
 E - a +1 mace of protection
Armour
 b - a +0 robe
 d - an orb of light (worn)
 f - a +0 ring mail (worn)
 C - an orb of wrath
Jewellery
 o - a ring of willpower (left hand)
 t - a ring of resist corrosion (right hand)
Wands
 B - a wand of flame (22)
Scrolls
 e - a scroll of immolation {unknown}
 i - a scroll of amnesia {unknown}
 j - a scroll of summoning {unknown}
 k - 3 scrolls of identify {unknown}
 l - a scroll of blinking {unknown}
 m - a scroll of noise {unknown}
 n - a scroll of vulnerability {unknown}
 p - a scroll of brand weapon {unknown}
 w - a scroll of teleportation {unknown}
 x - a scroll of fog {unknown}
 A - a scroll of revelation {unknown}
Potions
 c - a potion of ambrosia
 g - 2 potions of heal wounds
 h - 2 potions of mutation {unknown}
 q - a potion of berserk rage {unknown}
 r - 2 potions of attraction {unknown}
 s - a potion of lignification {unknown}
 u - a potion of brilliance {unknown}
 v - 2 potions of degeneration {unknown}
 z - 2 potions of curing {unknown}


   Skills:
 - Level 3.0 Fighting
 + Level 5.3 Maces & Flails
 + Level 3.9 Armour
 - Level 3.2 Dodging


You had 4 spell levels left.
You didn't know any spells.
Your spell library was empty.

Dungeon Overview and Level Annotations

Branches:
Dungeon (3/15)

Altars:


Innate Abilities, Weirdness & Mutations

You have a beak for a mouth.
You have claws for feet.
Your magical nature lets you fly swiftly and evasively.


Message History

An orc comes into view. It is wielding a +0 club.
The orc shouts!
An orc priest comes into view. It is wielding a +0 short sword.
An orc comes into view. It is wielding a +0 dagger.
The orc priest looks braver for a moment.
Found a smoky green potion, a book of Conjurations and 11 gold pieces.
The orc priest mumbles some strange prayers to Beogh against you.
You resist with some effort.
Unknown command.
The orc priest barely misses you.
The orc priest hits you with a +0 short sword.
Damage: -6%(-2hp) hp: 88%(28hp)
You hit the orc priest. You claw the orc priest.
The orc priest is moderately wounded.
The orc priest calls upon Beogh to heal the orc priest.
The orc priest's wounds heal themselves!
The orc priest misses you.
You hit the orc priest. Your kick misses the orc priest.
You peck the orc priest, but do no damage.
The orc priest is moderately wounded.
The orc priest closely misses you.
The orc priest hits you with a +0 short sword.
The orc hits you with a +0 dagger.
Damage: -9%(-3hp) hp: 79%(25hp)
You hit the orc priest.
Lightning courses through the orc priest!
You kill the orc priest!
The orc priest calls down the wrath of Beogh upon you.
Beogh smites you!
* * * LOW HITPOINT WARNING * * *
The orc closely misses you.
Huge Dmg: -41%(-13hp) hp: 38%(12hp)
You barely miss the orc priest. Your kick misses the orc priest.
You peck the orc priest.
The orc priest is lightly wounded.
The orc hits you with a +0 club.
* * * LOW HITPOINT WARNING * * *
The orc priest calls down the wrath of Beogh upon you.
Beogh smites you!
You die...

.. †## .# ###...### ..#
.## # ##.......# ..# ...
.$.####.........
..##.#####...............
.........................
........ #...............
...##### #.....o)o......
..#### #....##@..# ..)..#
#......o### ..##.##
#......####. .<##..###
###......o..#
.)......####.).##......
.)...............#!....
..........#†).##.#.....
......)......## ....:..
..........#### #...#.


You could see an orc priest and 2 orcs.

Vanquished Creatures
  2 orc priests (D:3)
  Jessica (D:2)
  Robin (D:2)
  3 adders
  A worm (D:2)
  A dart slug (D:3)
  5 orcs (D:3)
  5 endoplasms
  2 giant cockroaches
  13 goblins
  A hobgoblin (D:2)
  3 jackals (D:3)
  3 kobolds
  2 quokkas (D:3)
  4 ball pythons
  2 bats (D:3)
  A frilled lizard (D:3)
  3 rats (D:2)
53 creatures vanquished.

Notes
Turn   | Place    | Note
-------+----------+-------------------------------------------
     0 | D:1      | RepHenryClay the Tengu Monk began the quest for the Orb.
     0 | D:1      | Reached XP level 1. HP: 14/14 MP: 2/2
   628 | D:2      | Reached skill level 1 in Armour
   691 | D:2      | Reached XP level 2. HP: 19/19 MP: 3/3
   882 | D:2      | Identified the +6 dagger of Hireu {flame, rC+ Str+2}
   884 | D:2      | Noticed Robin
   886 | D:2      | Reached XP level 3. HP: 13/23 MP: 4/4
   949 | D:2      | Reached skill level 4 in Maces & Flails
  1065 | D:2      | Noticed Jessica
  1072 | D:2      | Killed Jessica
  1073 | D:2      | Reached XP level 4. HP: 24/28 MP: 5/5
  1250 | D:2      | Killed Robin
  1658 | D:3      | Gained mutation: Your magical nature lets you fly swiftly
                  | and evasively. [Tengu growth]
  1658 | D:3      | Reached XP level 5. HP: 32/32 MP: 6/6
  1693 | D:3      | Reached skill level 5 in Maces & Flails
  1702 | D:3      | Killed from afar by an orc priest

Illustrated notes

Levels and vault maps discovered:
D:1:      dpeg_arrival_boxorama, layout_basic
D:2:      layout_basic, minmay_pentomino_v4, uniq_robin, uniq_jessica
D:3:      layout_rooms, lemuel_doored_altar, grunt_nemelex_the_gamble

Skill      XL: |  1  2  3  4  5 |
---------------+----------------+-----
Armour         | 1 2 3 |  3.9
Maces & Flails | 4 5 |  5.3
Fighting       | |  3.0
Dodging        | |  3.2

Action                     |  1- 3 |  4- 6 || total
---------------------------+-------+-------++-------
  Melee: Mace              |    48 |    40 ||    88
         Kick              |    15 |    20 ||    35
         Peck              |     7 |     8 ||    15
         Whip              |       |    17 ||    17
    Use: Potion            |     1 |     1 ||     2
 Armour: Ring mail         |    30 |    21 ||    51
  Dodge: Dodged            |    24 |    41 ||    65

Table legend: (Time is in decaauts)
 A = Elapsed time spent in this place.
 B = Non-inter-level travel time spent in this place.
 C = Inter-level travel time spent in this place.
 D = Time resting spent in this place.
 E = Time spent auto-exploring this place.
 F = Levels seen in this place.
 G = Mean time per level.
                   A        B        C        D        E       F      G
               +--------+--------+--------+--------+--------+-----+--------+
         Total |   1712 |   1657 |     55 |      0 |   1293 |   3 |  570.7 |
       Dungeon |   1712 |   1657 |     55 |      0 |   1293 |   3 |  570.7 |
               +--------+--------+--------+--------+--------+-----+--------+

Top non-repeatable levels by time:
     D:2: 935 daAuts
     D:1: 571 daAuts
     D:3: 206 daAuts
